 Dungeon Crawl Stone Soup version 0.25-b1-23-ge2ad7d536c (webtiles) character file.

Game seed: 616499945234187438, levelgen mode: deterministic

7414 Hugehornet the Cleaver (level 11, -9/90 HPs)
             Began as a Gargoyle Fighter on May 29, 2020.
             Was a High Priest of Cheibriados.
             Mangled by a death yak (13 damage)
             ... on level 10 of the Dungeon on May 31, 2020.
             The game lasted 00:19:39 (11305 turns).

Hugehornet the Cleaver (Gargoyle Fighter)          Turns: 11305, Time: 00:19:40

Health: -9/90      AC: 25    Str: 31 (33) XL:     11   Next: 14%
Magic:  11/11      EV:  2    Int: 24 (25) God:    Cheibriados [*****.]
Gold:   528        SH: 11    Dex: 21 (22) Spells: 10/10 levels left

rFire    . . .     SeeInvis .   g - +0 broad axe
rCold    + . .     Gourm    .   c - +0 kite shield
rNeg     + + +     Faith    .   (armour currently unavailable)
rPois    ∞         Spirit   .   (helmet currently unavailable)
rElec    .         Reflect  .   (cloak currently unavailable)
rCorr    .         Harm     .   (gloves currently unavailable)
MR       .....     NoTele   +   (boots currently unavailable)
Stlth    ++........             (no amulet)
HPRegen  0.25/turn              L - +4 ring of evasion
MPRegen  0.12/turn              j - ring of protection from cold

@: brilliant, tree-form, hasted, very slow
A: negative energy resistance 1, petrification resistance, rot immunity, AC +8
a: Bend Time, Temporal Distortion, Slouch, Step From Time, Renounce Religion


You were on level 10 of the Dungeon.
You worshipped Cheibriados.
Cheibriados was extremely pleased with you.
You were not hungry.
You were a tree.
You visited 2 branches of the dungeon, and saw 11 of its levels.
You also visited: Sewer.

You collected 528 gold pieces.

Inventory:

Hand Weapons
 g - a +0 broad axe (weapon)
 p - a +1 flail of protection
 r - a +0 whip of flaming
 Q - a +5 hand axe
Armour
 a - a +0 cloak (melded)
 b - a +0 scale mail
 c - a +0 kite shield (worn)
 d - a +0 helmet (melded)
 k - a +0 chain mail
 s - a +2 chain mail of magic resistance (melded)
 w - a cursed +0 plate armour
Jewellery
 e - an uncursed ring of flight
 j - a ring of protection from cold (right branch)
 x - an uncursed ring of stealth
 L - a +4 ring of evasion (left branch)
Wands
 C - a wand of flame (40)
 F - a wand of polymorph (10)
 G - a wand of acid (6)
 H - a wand of disintegration (16)
 P - a wand of clouds (5)
Scrolls
 h - 3 scrolls of enchant weapon
 m - 3 scrolls of amnesia
 o - 8 scrolls of teleportation
 u - a scroll of blinking
 v - 3 scrolls of noise {unknown}
 y - 4 scrolls of remove curse
 B - 2 scrolls of fear {unknown}
 E - a scroll of summoning {unknown}
 J - a scroll of silence {unknown}
 K - a scroll of magic mapping {unknown}
 N - a scroll of fog {unknown}
 R - a scroll of identify
Potions
 i - 3 potions of mutation
 l - a potion of flight
 n - 2 potions of cancellation
 q - a potion of resistance
 t - 3 potions of magic
Comestibles
 f - 15 rations
 S - a chunk of flesh


   Skills:
 - Level 3.2 Fighting
 + Level 14.8 Axes
 - Level 3.2 Armour
 - Level 3.2 Shields


You had 10 spell levels left.
You didn't know any spells.
Your spell library was empty.

Dungeon Overview and Level Annotations

Branches:
Dungeon (10/15)            Temple (1/1) D:5            Lair (0/6) D:10
  Sewer (visited)
    Orc: D:9-12

Altars:
Ashenzari
Cheibriados
Dithmenos
Elyvilon
Fedhas
Gozag
Hepliaklqana
Kikubaaqudgha
Makhleb
Nemelex Xobeh
Okawaru
Qazlal
Ru
Sif Muna
Trog
Uskayaw
Vehumet
Wu Jian
Xom
Yredelemnul
Zin
The Shining One

Annotations:
D:6 2 transporters, MenacingMecha's ghost, novice DEFE
D:7 2 transporters, Esekla's ghost, novice VSWn


Innate Abilities, Weirdness & Mutations

You are resistant to torment.
((Your stone body is resilient. (AC +8)))
You are immune to poison.
You resist negative energy. (rN+)
((You are resistant to electric shocks. (rElec)))
((You can survive without breathing.))
You are immune to petrification.
You are immune to rotting.


Message History

The death yak gores you.
* * * LOW HITPOINT WARNING * * *
You cannot move. (Use ctrl+direction or * direction to attack without moving.)
You barely miss the death yak.
The death yak is heavily wounded.
You closely miss the death yak. You slash the ogre!
You hit the death yak but do no damage. The death yak barely misses you.
The death yak gores you.
* * * LOW HITPOINT WARNING * * *
The death yak gores you but does no damage.
The ogre hits you with a +0 giant spiked club.
* * * LOW HITPOINT WARNING * * *
Okay, then.
Unknown command.
You're too confused!
You hit the death yak. You closely miss the ogre. You slash the death yak!
You hit the death yak.
You feel less invigorated.
You feel less confused. The death yak gores you!
You die...

.......#..#.###........
(.....##....#..........
.........##.†.(.........
#.###....##.†...........
...#.....##.........#...
##.##...................
...##.....#...>.........
..(#..#..###..!..Y...#
.<..............♣#....#
#...#.#####....OYY......
#)..#.####...........>..
........##..............
.........#..............
...##....##.....#.......
.... ##......#..#.......
..... ..##..##. .......
#.....


You could see 3 death yaks and an ogre.

Vanquished Creatures
  Harold (D:8)
  A two-headed ogre (D:8)
  A troll (D:9)
  A hippogriff (D:7)
  A yak (D:9)
  2 wyverns
  Grum (D:10)
  A water moccasin (D:9)
  A black bear (D:8)
  4 orc warriors
  4 sky beasts
  4 ice beasts
  A necrophage (D:8)
  4 ogres
  4 wolves
  7 centaurs
  A crocodile (D:8)
  A big kobold (D:7)
  6 bullfrogs
  A scorpion (D:7)
  4 killer bees (D:8)
  An electric eel (D:6)
  A howler monkey (D:9)
  A centaur zombie (D:9)
  3 crimson imps
  6 orc priests
  4 hounds
  2 jellies
  2 centaur skeletons
  4 iguanas
  13 orc wizards
  6 worker ants
  Natasha (thrice) (D:2)
  A killer bee zombie (D:7)
  A hound skeleton (D:4)
  A worker ant zombie (D:6)
  Robin (D:2)
  A howler monkey skeleton (D:8)
  6 gnolls
  16 adders
  A river rat (D:10)
  A shadow imp (D:7)
  An ooze (D:2)
  A worm (D:6)
  4 dart slugs
  10 leopard geckos
  32 orcs
  4 giant cockroaches
  12 hobgoblins
  21 jackals
  25 kobolds
  6 quokkas
  5 ball pythons
  4 bats
  11 frilled lizards
  18 goblins
  A leopard gecko skeleton (D:5)
  A leopard gecko zombie (D:7)
  A quokka skeleton (D:8)
  A quokka zombie (D:6)
  3 rats (D:1)
  5 plants (Sewer)
292 creatures vanquished.

Vanquished Creatures (others)
  A plant (D:8)
1 creature vanquished.

Grand Total: 293 creatures vanquished

Notes
Turn   | Place    | Note
-------+----------+-------------------------------------------
     0 | D:1      | Hugehornet the Gargoyle Fighter began the quest for the
                  | Orb.
     0 | D:1      | Reached XP level 1. HP: 14/14 MP: 1/1
    14 | D:1      | Reached skill level 2 in Axes
    76 | D:1      | Reached XP level 2. HP: 19/19 MP: 2/2
   269 | D:1      | Reached skill level 3 in Axes
   271 | D:1      | Reached XP level 3. HP: 15/23 MP: 3/3
   836 | D:2      | Noticed Natasha
   851 | D:2      | Killed Natasha
   851 | D:2      | Reached skill level 4 in Axes
   851 | D:2      | Reached XP level 4. HP: 10/28 MP: 4/4
  1084 | D:2      | Noticed Robin
  1085 | D:2      | Noticed Natasha
  1093 | D:2      | Killed Natasha
  1093 | D:2      | Reached XP level 5. HP: 12/32 MP: 5/5
  1094 | D:2      | Killed Robin
  1233 | D:2      | Noticed Natasha
  1242 | D:2      | Killed Natasha
  1340 | D:2      | Reached skill level 5 in Axes
  1769 | D:2      | Found a burning altar of Makhleb.
  1770 | D:2      | Found a hazy altar of Hepliaklqana.
  2112 | D:3      | Found a glowing drain.
  2117 | Sewer    | Entered a sewer
  2214 | Sewer    | Reached XP level 6. HP: 37/37 MP: 6/6
  3569 | D:3      | Found a radiant altar of Vehumet.
  3710 | D:4      | Reached skill level 6 in Axes
  4181 | D:4      | Found a glowing golden altar of the Shining One.
  4286 | D:4      | Found a shattered altar of Ashenzari.
  4310 | D:5      | Entered Level 5 of the Dungeon
  4372 | D:5      | Reached XP level 7. HP: 41/41 MP: 7/7
  4425 | D:5      | Reached skill level 7 in Axes
  4525 | D:5      | Found a staircase to the Ecumenical Temple.
  4533 | Temple   | Entered the Ecumenical Temple
  4747 | Temple   | Became a worshipper of Cheibriados the Contemplative
  5004 | D:5      | Found a glowing silver altar of Zin.
  5381 | D:5      | Reached skill level 8 in Axes
  5567 | D:6      | Identified the +10 dire flail of the Howling Visionary
                  | {vamp, rN+++ MP+9 Int-2 Dex+3}
  5567 | D:6      | Noticed a two-headed ogre
  5568 | D:6      | Noticed MenacingMecha's ghost (novice DEFE)
  5570 | D:6      | Found a transporter.
  5577 | D:6      | Found a transporter.
  5603 | D:6      | Reached XP level 8. HP: 29/46 MP: 8/8
  5951 | D:6      | Reached skill level 9 in Axes
  6121 | D:6      | Reached * piety under Cheibriados
  6532 | D:6      | Reached skill level 10 in Axes
  7075 | D:7      | Found a transporter.
  7077 | D:7      | Noticed a wyvern
  7077 | D:7      | Noticed a moth of wrath
  7078 | D:7      | Noticed Esekla's ghost (novice VSWn)
  7117 | D:7      | Noticed a hippogriff
  7129 | D:7      | Found a transporter.
  7172 | D:7      | Reached XP level 9. HP: 48/51 MP: 9/9
  7623 | D:7      | Reached ** piety under Cheibriados
  7705 | D:7      | Reached skill level 11 in Axes
  8262 | D:7      | Reached *** piety under Cheibriados
  8455 | D:8      | Noticed Harold
  8462 | D:8      | Noticed a two-headed ogre
  8472 | D:8      | Killed a two-headed ogre
  8472 | D:8      | Reached skill level 12 in Axes
  8472 | D:8      | Reached XP level 10. HP: 31/56 MP: 10/10
  8488 | D:8      | Killed Harold
  8488 | D:8      | Reached skill level 13 in Axes
  8841 | D:8      | Reached **** piety under Cheibriados
  8912 | D:8      | Found an ancient bone altar of Kikubaaqudgha.
  8924 | D:8      | You fall into a shaft and drop 2 floors!
  8924 | D:10     | Entered Level 10 of the Dungeon
  8925 | D:10     | Noticed Grum
  9650 | D:9      | Reached skill level 14 in Axes
  9685 | D:9      | Reached ***** piety under Cheibriados
 10250 | D:9      | Found a shadowy altar of Dithmenos.
 10745 | D:9      | Reached XP level 11. HP: 60/60 MP: 11/11
 10969 | D:10     | Killed Grum
 11287 | D:10     | Found a staircase to the Lair.
 11288 | D:10     | Noticed a death yak
 11288 | D:10     | Noticed a death yak
 11289 | D:10     | Noticed a death yak
 11302 | D:10     | HP: 3/90 [death yak (5)]
 11304 | D:10     | HP: 1/90 [ogre/+0 giant spiked club (3)]
 11305 | D:10     | Mangled by a death yak

Illustrated notes

Levels and vault maps discovered:
D:1:      lemuel_arrival_behind_the_door_large, layout_rooms
D:2:      layout_loops_cross, gammafunk_temple_overflow_pools, uniq_robin,
          uniq_natasha
D:3:      layout_loops_ring, nicolae_overflow_crystal_walls,
          portal_sewer_entry_e, serial_glass, glass_columns_b, glass_columns_c,
          due_unseen_surprise, item_on_display_a, feat_on_display,
          feat_on_display
D:4:      layout_rooms, lemuel_coloured_pillars_altar,
          nicolae_tso_carved_into_rock
D:5:      layout_loops_ring, lemuel_crystal_altar,
          minmay_temple_entry_nine_rooms, first_ration
D:6:      layout_cave_pods, gammafunk_ghost_smash, hangedman_decor_points,
          serial_bayou_lagoon_b
D:7:      layout_loops_corners, gammafunk_ghost_berserking_beasts
D:8:      layout_cave_pools, kiku_gazebo_pond_becter, minmay_lizard_king,
          uniq_harold
D:9:      minmay_thinvault, layout_stronghold, nicolae_dithmenos_shadow_blocks
D:10:     minmay_the_grid_triangle_9x9_rhombus_thin
          [minmay_the_grid_triangle_9x9_sprig,
          minmay_the_grid_triangle_9x9_prize_center,
          minmay_the_grid_triangle_9x9_empty,
          minmay_the_grid_triangle_9x9_semitri], layout_cave_pools,
          dpeg_lair_monsters, enter_trove_0, uniq_grum
Temple:   eino_temple_water

Skill      XL: |  1  2  3  4  5  6  7  8  9 10 |
---------------+-------------------------------+-----
Axes           | 2 3 4 5 6 8 10 12 14 | 14.8
Fighting       | |  3.2
Armour         | |  3.2
Shields        | |  3.2

Action                   |  1- 3 |  4- 6 |  7- 9 | 10-12 || total
-------------------------+-------+-------+-------+-------++-------
Melee: War axe           |   105 |   304 |   407 |    19 ||   835
       Broad axe         |       |       |       |   258 ||   258
 Abil: Evoke Flight      |       |     3 |       |       ||     3
  Use: Potion            |       |     3 |     6 |     8 ||    17
       Scroll            |       |     8 |     4 |     2 ||    14
  Eat: Chunk             |       |     7 |     9 |     5 ||    21
       Ration            |       |     2 |       |       ||     2
Armor: Scale mail        |    49 |       |       |       ||    49
       Chain mail        |    19 |   173 |   259 |   158 ||   609
       Skin              |       |       |       |     8 ||     8
Dodge: Dodged            |    45 |    68 |    82 |   118 ||   313
Block: Kite shield       |    68 |   115 |   213 |   186 ||   582
